 Dungeon Crawl Stone Soup version 0.29.1-1-gd02db69 (webtiles) character file.

Game seed: 1630033904860469338

169 Timinator the Insei (level 5, 0/41 HPs)
             Began as a Demigod Transmuter on Jan 13, 2023.
             Slain by Grinder (5 damage)
             ... on level 3 of the Dungeon.
             The game lasted 00:06:42 (2093 turns).

Timinator the Insei (Demigod Transmuter)            Turns: 2093, Time: 00:06:42

Health: 0/41       AC:  7    Str: 11    XL:     5   Next: 4%
Magic:  10/10      EV: 12    Int: 15    God:
Gold:   117        SH:  0    Dex: 18    Spells: 1/8 levels left

rFire   . . .      SeeInvis .     - Unarmed
rCold   . . .      Faith    .   (no shield)
rNeg    . . .      Spirit   .   c - +3 leather armour
rPois   .          Reflect  .   (helmet currently unavailable)
rElec   .          Harm     .   (no cloak)
rCorr   .          Rampage  .   g - +0 pair of gloves
Will    .....                   (boots currently unavailable)
Stlth   +.........              (no amulet)
HPRegen 0.13/turn               (no ring)
MPRegen 0.12/turn               (no ring)

@: appendages (expiring)
A: horns 2, talons 2, high MP 1, forlorn, divine attributes
a: End Transformation


You were on level 3 of the Dungeon.
You had temporarily grown beastly horns and talons.
You visited 1 branch of the dungeon, and saw 3 of its levels.

You collected 117 gold pieces.

Inventory:

Armour
 c - a +3 leather armour (worn)
 g - a +0 pair of gloves (worn)
Scrolls
 d - 3 scrolls of enchant armour {unknown}
 f - 3 scrolls of teleportation {unknown}
 h - 2 scrolls of enchant weapon {unknown}
 i - 4 scrolls of identify {unknown}
 j - a scroll of fear {unknown}
 k - a scroll of blinking {unknown}
 m - 2 scrolls of amnesia {unknown}
 q - a scroll of magic mapping {unknown}
 r - a scroll of brand weapon {unknown}
Potions
 a - 2 potions of mutation {unknown}
 b - a potion of magic {unknown}
 e - a potion of flight {unknown}
 l - a potion of resistance {unknown}
 n - a potion of curing
 o - a potion of brilliance {unknown}
 p - a potion of attraction {unknown}


   Skills:
 * Level 2.0 Fighting
 * Level 1.7 Armour
 + Level 2.3 Dodging
 + Level 3.6 Unarmed Combat
 - Level 2.0 Spellcasting
 + Level 2.6 Transmutations


You had one spell level left.
You knew the following spells:

 Your Spells              Type           Power      Damage    Failure   Level
a - Beastly Appendage     Tmut           18%        N/A       10%         1
b - Wereblood             Tmut           9%         N/A       14%         2
c - Ice Form              Ice/Tmut       5%         N/A       86%         4

Your spell library contained the following spells:

 Spells                   Type           Power      Damage    Failure   Level
 Passwall                 Tmut/Erth      4%         N/A       26%         2
 Ensorcelled Hibernation  Hex/Ice        2%         N/A       41%         2
 Sublimation of Blood     Necr           1%         N/A       41%         2
 Spider Form              Tmut/Pois      5%         N/A       45%         3
 Swiftness                Air            1%         N/A       65%         3
 Summon Hydra             Summ           0%         N/A       100%        7


Dungeon Overview and Level Annotations

Branches:
Dungeon (3/15)

Annotations:
D:3 Grinder


Innate Abilities, Weirdness & Mutations

You have temporarily grown beastly horns and talons.
You have an increased reservoir of magic. (+10% MP)
You shall have no god before yourself.
Your divine heritage dramatically boosts your attributes as you level up.


Message History

Pain shoots through your body!
You hit Grinder but do no damage.
Grinder is lightly wounded.
Grinder closely misses you.
You hit Grinder. You claw Grinder, but do no damage.
Grinder is lightly wounded.
Your transformation is almost over.
Grinder closely misses you.
You closely miss Grinder. You claw Grinder. Your headbutt misses Grinder.
Grinder is moderately wounded.
Grinder hits you.
You writhe in agony.
You hit Grinder. You headbutt Grinder.
Grinder is heavily wounded.
Grinder hits you but does no damage.
You hit Grinder but do no damage. You claw Grinder.
Grinder is heavily wounded.
Grinder blinks!
Grinder gestures at you. Pain shoots through your body!
Okay, then.
Casting: Beastly Appendage (safe; 10% risk of failure)
Confirm with . or Enter, or press ? or * to list all spells.
You extend your transformation's duration.
Grinder blinks!
Your transformation is almost over.
Grinder hits you.
* * * LOW HITPOINT WARNING * * *
You writhe in agony.
* * * LOW HITPOINT WARNING * * *
You hit Grinder but do no damage. You headbutt Grinder!
Grinder is severely wounded.
Grinder hits you but does no damage.
You hit Grinder.
Grinder is severely wounded.
You punch Grinder! Your kick misses Grinder.
Grinder is almost dead.
Grinder hits you.
* * * LOW HITPOINT WARNING * * *
You writhe in agony.
You die...

........> #........
### ...... # #..
.... #.#.#####.###
#.#.#..<....#
#...#.#.....#
#.........#
#...#@#.###
#...5.#.#
.#######..##.#
..........5..#
...?.........# #
)............####..#
...................#
............#####.##
.#.#######.##


You could see Grinder.

Vanquished Creatures
  Jessica (D:2)
  Terence (D:3)
  6 adders
  4 ball pythons (D:1)
  7 endoplasms
  4 giant cockroaches
  7 goblins
  4 hobgoblins
  8 kobolds
  2 quokkas
  9 bats
  4 frilled lizards
  6 rats
63 creatures vanquished.

Notes
Turn   | Place    | Note
-------+----------+-------------------------------------------
     0 | D:1      | Timinator the Demigod Transmuter began the quest for the
                  | Orb.
     0 | D:1      | Reached XP level 1. HP: 15/15 MP: 5/5
   143 | D:1      | Reached skill level 1 in Fighting
   239 | D:1      | Reached XP level 2. HP: 23/23 MP: 5/7
   245 | D:1      | Reached skill level 3 in Unarmed Combat
   654 | D:1      | Learned a level 2 spell: Wereblood
   724 | D:2      | Noticed Jessica
   731 | D:2      | Killed Jessica
   732 | D:2      | Reached skill level 1 in Armour
   732 | D:2      | Reached XP level 3. HP: 19/28 MP: 6/8
  1157 | D:2      | Reached XP level 4. HP: 35/35 MP: 7/9
  1791 | D:3      | Noticed Terence
  1811 | D:3      | Killed Terence
  2025 | D:3      | Reached XP level 5. HP: 41/41 MP: 8/10
  2030 | D:3      | Learned a level 4 spell: Ice Form
  2062 | D:3      | Noticed Grinder
  2093 | D:3      | Slain by Grinder

Illustrated notes

Levels and vault maps discovered:
D:1:      dpeg_chamrin_arrival_tetris, layout_rooms,
          hellmonk_ecumenical_altar_pennies_from_heaven, minmay_split_cup_large
D:2:      layout_basic, serial_bayou_lagoon_b, uniq_jessica
D:3:      layout_basic, fedhas_altar_3, uniq_natasha, uniq_grinder, uniq_terence

Skill      XL: |  1  2  3  4 |
---------------+-------------+-----
Fighting       | 1 2 |  2.0
Unarmed Combat | 3 |  3.6
Spellcasting   | 2 |  2.0
Armour         | 1 |  1.7
Dodging        | 2 |  2.3
Transmutations | 2 |  2.6

Action                   |  1- 3 |  4- 6 || total
-------------------------+-------+-------++-------
Melee: Unarmed           |    98 |    77 ||   175
       Kick              |    17 |    18 ||    35
       Headbutt          |    10 |    13 ||    23
       Punch             |       |     1 ||     1
 Cast: Beastly Appendage |    21 |    19 ||    40
       Wereblood         |       |     3 ||     3
  Use: Potion            |       |     2 ||     2
 Stab: Sleeping          |       |     1 ||     1
Armor: Leather armour    |    40 |    30 ||    70
       Skin              |       |     5 ||     5
Dodge: Dodged            |    73 |    34 ||   107
